 Dungeon Crawl Stone Soup version 0.25-a0-251-g572059c536 (webtiles) character file.

Game seed: 10921694635390848976, levelgen mode: classic

86 Borgoz the Twirler (level 4, -2/28 HPs)
             Began as a Gargoyle Gladiator on Dec 4, 2019.
             Slain by an orc
             ... wielding a +0 short sword
              (3 damage)
             ... on level 2 of the Dungeon.
             The game lasted 00:03:52 (2305 turns).

Borgoz the Twirler (Gargoyle Gladiator)             Turns: 2305, Time: 00:03:53

Health: -2/28      AC: 12    Str: 19    XL:     4   Next: 50%
Magic:  4/4        EV: 12    Int:  8    God:
Gold:   88         SH:  0    Dex: 11    Spells: 3/3 levels left

rFire    . . .     SeeInvis .   a - +0 quarterstaff
rCold    . . .     Gourm    .   (shield currently unavailable)
rNeg     + . .     Faith    .   b - +0 leather armour
rPois    ∞         Spirit   .   c - +0 helmet
rElec    +         Reflect  .   i - +0 cloak
rCorr    .         Harm     .   q - +2 pair of gloves
MR       .....                  (no boots)
Stlth    +.........             (no amulet)
HPRegen  0.09/turn              (no ring)
MPRegen  0.09/turn              (no ring)

@: no status effects
A: talons 1, rugged brown scales 1, negative energy resistance 1, electricity
resistance, unbreathing, petrification resistance, rot immunity, AC +3
a: no special abilities


You were on level 2 of the Dungeon.
You were near starving.

You visited 1 branch of the dungeon, and saw 4 of its levels.

You collected 88 gold pieces.

Inventory:

Hand Weapons
 a - a +0 quarterstaff (weapon)
Missiles
 d - 3 throwing nets (quivered)
Armour
 b - a +0 leather armour (worn)
 c - a +0 helmet (worn)
 i - a +0 cloak (worn)
 q - a +2 pair of gloves (worn)
Jewellery
 j - an uncursed ring of fire
Scrolls
 g - a scroll of fear {unknown}
 h - a scroll of identify {unknown}
 k - a scroll of enchant armour {unknown}
 l - a scroll of remove curse {unknown}
 m - a scroll of teleportation {unknown}
 n - a scroll of random uselessness {unknown}
Potions
 o - a potion of cancellation {unknown}
 r - a potion of agility {unknown}
Comestibles
 f - 2 rations


   Skills:
 + Level 3.4 Fighting
 * Level 3.8 Staves
 - Level 1.7 Throwing
 + Level 3.1 Dodging


You had 3 spell levels left.
You didn't know any spells.
Your spell library was empty.

Dungeon Overview and Level Annotations

Branches:
Dungeon (4/15)
 Temple: D:4-7

Altars:
Xom

Shops:
D:4 *

Annotations:
D:3 Ijyb


Innate Abilities, Weirdness & Mutations

You are resistant to torment.
Your stone body is resilient. (AC +3)
You are immune to poison.
You resist negative energy. (rN+)
You are resistant to electric shocks. (rElec)
You can survive without breathing.
You are immune to petrification.
You are immune to rotting.
You have sharp toenails.
You are partially covered in rugged brown scales. (AC +1, +3% HP)


Message History

There is a stone staircase leading up here.
The orc priest hits you but does no damage.
The orc hits you with a +0 short sword.
You climb upwards.
You are near starving!
There is a stone staircase leading down here.
You can't go up here!
You hit the orc priest.
The orc priest is lightly wounded.
The orc priest invokes the aid of Beogh against you.
Beogh smites you!
Ouch! That really hurt!
* * * LOW HITPOINT WARNING * * *
The orc hits you but does no damage.
It was a potion of mutation.
You feel extremely strange.
Rugged brown scales grow over part of your body.
Your toenails lengthen and sharpen.
The orc priest hits you but does no damage.
The orc hits you with a +0 short sword.
You die...

###.................[....#
#....
.......)......##.........#
#####
####......###..#.........#
###### .# #......#
##.#.........# #....# .#
#......# #...........#
#_##.# .# #......#
##..........# #.##.# .#
#......# #..#######.#
#.##.# .###......# #oo#
#.# #.##.# ..........#
##@# #.###.#.[#
.....#....#
#########(.)).....
.....#....#
###.....####.#..#
.....#....#
#..........#[#.##
.....#....#
#.#.....##.#.(÷..
.....######
#.#.....##.###÷## .....#
#####'#.....##.###.#.
.....#
#.........##.......#.
##.###
#.........##......(..


You could see an orc priest and an orc.

Vanquished Creatures
  Robin (D:2)
  An adder (D:2)
  An ooze (D:2)
  2 worms (D:2)
  2 dart slugs
  A leopard gecko (D:1)
  An orc (D:3)
  5 bats
  A giant cockroach (D:3)
  9 goblins
  8 hobgoblins
  3 jackals (D:2)
  A quokka (D:2)
  A ball python (D:1)
  3 frilled lizards
  4 kobolds
  5 rats
49 creatures vanquished.

Notes
Turn   | Place    | Note
-------+----------+-------------------------------------------
     0 | D:1      | Borgoz the Gargoyle Gladiator began the quest for the Orb.
     0 | D:1      | Reached XP level 1. HP: 12/12 MP: 1/1
   190 | D:1      | Reached XP level 2. HP: 18/18 MP: 2/2
   730 | D:2      | Reached XP level 3. HP: 12/22 MP: 3/3
  1133 | D:2      | Noticed Robin
  1148 | D:2      | Killed Robin
  1149 | D:2      | Found a shimmering altar of Xom.
  1168 | D:2      | Reached XP level 4. HP: 13/28 MP: 4/4
  1929 | D:3      | Noticed Ijyb
  1930 | D:3      | HP: 1/28 [acid (10)]
  2279 | D:4      | Found Kebroiq's Assorted Antiques.
  2297 | D:4      | Noticed an ogre
  2304 | D:2      | HP: 1/28 [orc priest/divine providence (15)]
  2305 | D:2      | Gained mutation: You are partially covered in rugged brown
                  | scales. (AC +1, +3% HP) [potion of mutation]
  2305 | D:2      | Gained mutation: You have sharp toenails. [potion of
                  | mutation]
  2305 | D:2      | Slain by an orc

Levels and vault maps discovered:
D:1:      tarquinn_simple_flora_water_a, layout_basic
D:2:      layout_basic, overflow_temple_1_default, minmay_misc_feat_enclosed,
          uniq_robin
D:3:      lemuel_castle_with_subvaults [lemuel_castle_interior_carwin_3],
          layout_rooms, first_ration, trog_hazing_becter, uniq_ijyb
D:4:      layout_cave_pools, serial_shops, shop_fountains, shop,
          kennysheep_little_box, shop, minmay_distorted, uniq_edmund

Skill      XL: |  1  2  3 |
---------------+----------+-----
Fighting       | 3 |  3.4
Dodging        | 3 |  3.1
Staves         | |  3.8
Throwing       | |  1.7

Action                   |  1- 3 |  4- 6 || total
-------------------------+-------+-------++-------
Melee: Quarterstaff      |   110 |    56 ||   166
  Use: Potion            |       |     1 ||     1
  Eat: Chunk             |     1 |     2 ||     3
Armor: Leather armour    |    52 |    23 ||    75
Dodge: Dodged            |    86 |    43 ||   129

Table legend:
 A = Non-vault XP
 B = Vault XP
 C = Vault XP percentage of total XP
 D = Non-vault monster count
 E = Vault monster count
 F = Vault count percentage of total count
                 A         B        C        D         E       F
            +---------+---------+-------+---------+---------+-------
      Total |      92 |      32 |  25.8 |      39 |      10 |  20.4
            +---------+---------+-------+---------+---------+-------
        D:1 |      23 |       0 |   0.0 |      13 |       0 |   0.0
        D:2 |      62 |      32 |  34.0 |      23 |      10 |  30.3
        D:3 |       7 |       0 |   0.0 |       3 |       0 |   0.0
            +---------+---------+-------+---------+---------+-------
